 Dungeon Crawl Stone Soup version 0.20.1-1-g8b1a95d66d (webtiles) character file.

142 Koyanaruu the Shield-Bearer (level 5, -1/41 HPs)
             Began as a Human Fighter on Dec 31, 2017.
             Slain by a big kobold (2 damage)
             ... on level 3 of the Dungeon.
             The game lasted 00:39:44 (2923 turns).

Koyanaruu the Shield-Bearer (Human Fighter)         Turns: 2923, Time: 00:39:45

Health: -1/41      AC: 10    Str: 16 (17) XL:     5   Next: 50%
Magic:  5/5        EV:  7    Int:  5 (7)  God:
Gold:   114        SH:  9    Dex: 14      Spells: 4/4 levels left

rFire    . . .     SeeInvis .   a - +0 rapier
rCold    . . .     Gourm    .   c - +0 shield
rNeg     . . .     Faith    .   b - +2 scale mail
rPois    .         Spirit   .   (no helmet)
rElec    .         Reflect  .   (no cloak)
rCorr    +         Harm     +   e - +0 pair of gloves
MR       .....     Rnd*Rage +   (no boots)
Stlth    ..........             y - amulet of harm
Regen    0.2/turn               H - ring of resist corrosion
MPRegen  0.1/turn               (no ring)

@: no status effects
A: agile 1, berserk 1, dopey 1
a: no special abilities


You were on level 3 of the Dungeon.
You were not hungry.

You visited 1 branch of the dungeon, and saw 3 of its levels.

You collected 114 gold pieces.

Inventory:

Hand Weapons
 a - a +0 rapier (weapon)
 g - a +0 whip
 i - a +0 whip
 l - a cursed -1 dagger
 m - a cursed -1 short sword
 r - a cursed -3 mace
 u - a +0 hunting sling
 A - a +0 arbalest
 D - a +0 long sword
 F - a +0 dagger
Missiles
 o - 16 sling bullets
 t - 7 poisoned needles
 B - 141 stones
 C - 10 arrows (quivered)
Armour
 b - a +2 scale mail (worn)
 c - a +0 shield (worn)
 e - a +0 pair of gloves (worn)
 j - a +0 leather armour
 n - a +0 robe
 q - a +0 ring mail
 s - a +0 leather armour of poison resistance
 G - a +0 leather armour
Jewellery
 y - an amulet of harm (around neck)
 H - a ring of resist corrosion (left hand)
Wands
 w - a wand of flame (18/48)
Scrolls
 k - 2 scrolls of teleportation
Potions
 d - a potion of might
 p - a potion of lignification
Comestibles
 f - 2 bread rations
 h - 2 meat rations
 z - a royal jelly


   Skills:
 + Level 3.3 Fighting
 + Level 3.2 Short Blades
 + Level 0.2(1.9) Long Blades
 + Level 0.2 Throwing
 + Level 3.8 Armour
 + Level 0.2 Dodging
 + Level 4.1 Shields


You had 4 spell levels left.
You didn't know any spells.

Dungeon Overview and Level Annotations

Branches:
Dungeon (3/15)

Altars:


Innate Abilities, Weirdness & Mutations

You are agile. (Dex +2)
You tend to lose your temper in combat.
You are dopey. (Int -2)


Message History

You closely miss the big kobold.
The big kobold is heavily wounded.
The big kobold hits you but does no damage. x2
You hit the big kobold.
The big kobold is severely wounded.
The big kobold hits you with a short sword.
* * * LOW HITPOINT WARNING * * *
The big kobold hits you but does no damage.
You barely miss the big kobold.
The big kobold is severely wounded.
The big kobold hits you but does no damage. x2
Your shield and scale mail prevent you from hitting the big kobold.
The big kobold is severely wounded.
The big kobold hits you with a short sword.
* * * LOW HITPOINT WARNING * * *
You block the big kobold's attack.
You barely miss the big kobold.
The big kobold is severely wounded.
The big kobold barely misses you. The big kobold hits you.
You die...

#K##..####.##.#.###
#.##.......<......#
#.####.##...#...#.#
####.#.....#.......#.#
.≈≈...#.##.##......#.#
≈≈.≈≈.#.##..#.######.#
≈≈≈≈≈≈..##..#.# #...#
≈≈≈≈≈≈.###..#'####.###
≈≈≈≈...##.<....K@#...#
≈≈≈≈.≈###......#K###.###
.≈≈≈≈.#........#.#.#...#
.≈≈≈≈.#......>.#.#.....#
≈≈≈≈≈.#........#.#.#.#.#
≈≈≈≈≈.#........#.#.#.).#
≈≈≈≈≈.#...######.#.#####
≈≈...≈#...# #.#....#
...≈..#...# #.####.#


You could see 2 big kobolds.

Vanquished Creatures
  6 adders
  An ooze (D:1)
  2 worms (D:2)
  3 dart slugs (D:1)
  2 leopard geckos (D:2)
  An orc (D:3)
  2 giant cockroaches
  8 goblins
  8 hobgoblins
  6 jackals
  18 kobolds
  2 quokkas
  3 bats
  6 frilled lizards
  3 rats
71 creatures vanquished.

Notes
Turn   | Place    | Note
-------+----------+-------------------------------------------
     0 | D:1      | Koyanaruu the Human Fighter began the quest for the Orb.
     0 | D:1      | Reached XP level 1. HP: 18/18 MP: 1/1
   132 | D:1      | Reached XP level 2. HP: 23/24 MP: 2/2
   381 | D:1      | Reached XP level 3. HP: 29/29 MP: 3/3
  1116 | D:2      | Reached XP level 4. HP: 32/35 MP: 4/4
  1502 | D:2      | Gained mutation: You are dopey. (Int -2) [potion of mutation]
  1502 | D:2      | Gained mutation: You tend to lose your temper in combat. [potion of mutation]
  1502 | D:2      | Gained mutation: You are agile. (Dex +2) [potion of mutation]
  1779 | D:3      | Reached skill level 4 in Shields
  1901 | D:3      | Found a faded altar of an unknown god.
  1986 | D:3      | Reached XP level 5. HP: 40/41 MP: 5/5
  2747 | D:3      | Noticed a big kobold
  2747 | D:3      | Noticed a big kobold
  2922 | D:3      | HP: 1/41 [big kobold/short sword (2)]
  2923 | D:3      | Slain by a big kobold

Skill      XL: |  1  2  3  4  5 |
---------------+----------------+-----
Shields        | 4 |  4.1
Short Blades   | 3 |  3.2
Fighting       | |  3.3
Long Blades    | |  0.2
Throwing       | |  0.2
Armour         | |  3.8
Dodging        | |  0.2

Action                   |  1- 3 |  4- 6 || total
-------------------------+-------+-------++-------
Melee: Rapier            |    73 |   125 ||   198
       Long sword        |       |    17 ||    17
       Arbalest          |       |     1 ||     1
Throw: Stone             |       |    12 ||    12
  Use: Potion            |     4 |     7 ||    11
       Scroll            |     3 |     4 ||     7
  Eat: Chunk             |     1 |     2 ||     3
       Meat ration       |       |     1 ||     1
Armor: Scale mail        |    34 |   151 ||   185
Dodge: Dodged            |    12 |   121 ||   133
Block: Shield            |    36 |   108 ||   144
       Rpst.: Long sword |       |     8 ||     8
